 Dungeon Crawl Stone Soup version 0.30.0-20-g3615ddf2f0 (webtiles) character file.

Game seed: 4120077759854437192

650 qw the Shield-Bearer (level 7, -14/41 HPs)
             Began as a Gargoyle Fighter on June 2, 2023.
             Demolished by Duvessa
             ... wielding a +0 short sword
              (17 damage)
             ... on level 4 of the Dungeon.
             The game lasted 00:01:18 (2808 turns).

qw the Shield-Bearer (Gargoyle Fighter)             Turns: 2808, Time: 00:01:19

Health: -14/41     AC: 13    Str: 21    XL:     7   Next: 53%
Magic:  7/7        EV:  7    Int:  9    God:
Gold:   58         SH:  9    Dex:  9    Spells: 6/6 levels left

rFire   . . .        Y - +0 war axe (venom)
rCold   . . .        b - +0 kite shield
rNeg    + . .        j - +0 chain mail
rPois   inf          (no helmet)
rElec   +            (no cloak)
rCorr   .            (no gloves)
SInv    .            (no boots)
Will    .....        (no amulet) Stlth
                     (no ring)
HPRegen 0.26/turn    (no ring)
MPRegen 0.10/turn

%: no passive effects
@: no status effects
A: sickness immunity, AC +4, negative energy resistance 1, electricity
resistance, torment resistance 1, petrification resistance
a: no special abilities


You were on level 4 of the Dungeon.
You visited 1 branch of the dungeon, and saw 4 of its levels.

You collected 58 gold pieces.


Innate Abilities, Weirdness & Mutations

You are immune to sickness and miasma.
Your stone body is resilient. (AC +4)
You are immune to poison.
You resist negative energy. (rN+)
You are resistant to electric shocks. (rElec)
You are resistant to unholy torment.
You are immune to petrification.


   Skills:
 - Level 3.2 Fighting
 + Level 4.6 Axes
 - Level 3.2 Armour
 - Level 7.7 Shields


You had 6 spell levels left.
You didn't know any spells.
Your spell library was empty.

Inventory:

Hand Weapons
 f - a +0 flail
 Y - a +0 war axe of venom (weapon)
Armour
 b - a +0 kite shield (worn)
 j - a +0 chain mail (worn)
 l - a +0 tower shield
Scrolls
 g - 2 scrolls of identify
Potions
 c - a potion of cancellation {unknown}
 d - 2 potions of might
 e - a potion of attraction
 h - a potion of curing {unknown}
 i - a potion of resistance {unknown}
 k - a potion of brilliance {unknown}
 m - a potion of mutation {unknown}
 n - a potion of heal wounds {unknown}

Dungeon Overview and Level Annotations

Branches:
Dungeon (4/15)
 Temple: D:4-7

Altars:
Fedhas
Kikubaaqudgha
Uskayaw
Zin

Shops:
D:2 =[(

Annotations:
D:3 1 runed translucent door, qw's ghost, weakling GrFi
D:4 Duvessa


Message History

You start waiting.
Dowan is nearby!
Dowan zaps a wand.
The puff of flame hits you!
You barely miss Dowan.
Dowan is moderately wounded.
Dowan zaps a wand.
The puff of flame hits you.
You slash Dowan!
Dowan looks even sicker.
Dowan is almost dead.
Dowan zaps a wand.
The puff of flame hits you but does no damage.
You slash Dowan!
You kill Dowan!
You hear a distant scream of rage.
You start resting.
Duvessa, Sister of Dowan comes into view.
She is wielding a +0 short sword.
2800 ||| Stepping ~*~*~tactically~*~*~ (stealth).
Duvessa shouts!
Duvessa goes berserk!
You barely miss Duvessa. Duvessa barely misses you. You block Duvessa's attack.
You hit Duvessa.
Duvessa is poisoned.
Duvessa is lightly wounded.
You block Duvessa's attack. x2
You slash Duvessa!
Duvessa is moderately wounded.
Duvessa hits you with a +0 short sword! Duvessa hits you but does no damage.
Duvessa hits you with a +0 short sword!
You completely miss Duvessa.
Duvessa is moderately wounded.
Duvessa hits you but does no damage. Duvessa hits you with a +0 short sword.
You slash Duvessa!
Duvessa looks as sick as possible!
Duvessa is severely wounded.
Duvessa completely misses you. x2
You closely miss Duvessa.
Duvessa is severely wounded.
Duvessa hits you with a +0 short sword! You block Duvessa's attack.
You slash Duvessa!
Duvessa looks as sick as possible!
Duvessa is almost dead.
Duvessa hits you but does no damage. Duvessa hits you with a +0 short sword!
You die...

#...#.#)...........
#...#.#............
#...#.#...............
#...#.#...)..........#
#...#.#.#'#.....#....
#...#...#.#######.#.###
#####..)###.#.####........
........'.e.#........... ###
#.###...###@#..#.#.##.####..
#e..# #.#..#>...........
#...# #.#..###.##.###...
#.... #.#..# #.##.#.....
#.... #.#### #.#..#.#..#
#e...##.. ..#.##.#...
#....#### ###. #.#... +.....
#. #.#.#. #+ #+#.#.


You could see Duvessa (berserk, extremely poisoned).

Vanquished Creatures
  Pikel (D:4)
  A lemure (D:4)
  Dowan (D:4)
  A hound (D:3)
  Terence (D:2)
  3 adders (D:3)
  A dart slug (D:1)
  6 orcs
  2 endoplasms
  A giant cockroach (D:1)
  4 goblins
  2 hobgoblins
  4 jackals (D:2)
  A kobold (D:2)
  3 quokkas
  6 ball pythons
  6 bats
  4 frilled lizards
  3 rats
51 creatures vanquished.

Notes
Turn   | Place    | Note
-------+----------+-------------------------------------------
     0 | D:1      | qw the Gargoyle Fighter began the quest for the Orb.
     0 | D:1      | Reached XP level 1. HP: 14/14 MP: 1/1
     0 | D:1      | 0 ||| qw: Version: 0.2-a-102-gdf20003
     0 | D:1      | 0 ||| qw: Game counter: 781
     0 | D:1      | 0 ||| qw: Always use a shield: true
     0 | D:1      | 0 ||| qw: God list: Okawaru
     0 | D:1      | 0 ||| qw: Allow faded altars: false
     0 | D:1      | 0 ||| qw: Do Orc after D:15 true
     0 | D:1      | 0 ||| qw: Do second Lair branch before Depths: true
     0 | D:1      | 0 ||| qw: Lair rune preference: random
     0 | D:1      | 0 ||| qw: Plans: Normal, Zot:1-4, Slime:5, God:TSO, Crypt,
                  | Tomb, Pan, Hells, Abyss, Win
     0 | D:1      | 0 ||| PLANNING D:1-11
   115 | D:1      | 115 ||| DROPPING +0 club.
   177 | D:1      | Reached XP level 2. HP: 19/19 MP: 2/2
   324 | D:1      | 324 ||| Stepping ~*~*~tactically~*~*~ (hiding).
   986 | D:1      | 986 ||| READING 2 scrolls labelled MEGGOMM WUUKLI.
   987 | D:1      | 987 ||| READING scroll labelled KACRUK QISSUY.
   988 | D:1      | 988 ||| READING 2 scrolls labelled UFRIRO YHOF.
   989 | D:1      | 989 ||| DROPPING scroll of vulnerability.
   990 | D:1      | 990 ||| DROPPING scroll of summoning.
  1098 | D:2      | Reached skill level 3 in Axes
  1101 | D:2      | Found Afogahua's Jewellery Shoppe.
  1107 | D:2      | 1107 ||| SHOPLISTING +4 ring of protection (432 gold, have
                  | 33).
  1107 | D:2      | 1107 ||| SHOPLISTING ring of ice (300 gold, have 33).
  1107 | D:2      | 1107 ||| SHOPLISTING ring of positive energy (240 gold,
                  | have 33).
  1107 | D:2      | 1107 ||| SHOPLISTING ring of resist corrosion (240 gold,
                  | have 33).
  1107 | D:2      | 1107 ||| SHOPLISTING ring of see invisible (180 gold, have
                  | 33).
  1117 | D:2      | 1117 ||| Stepping ~*~*~tactically~*~*~ (stealth).
  1122 | D:2      | Reached XP level 3. HP: 22/23 MP: 3/3
  1337 | D:2      | Found a faded altar of an unknown god.
  1343 | D:2      | Found Ejuad's Antique Armour Boutique.
  1354 | D:2      | 1354 ||| SHOPLISTING chain mail (94 gold, have 33).
  1354 | D:2      | 1354 ||| SHOPLISTING glowing ice dragon scales (1323 gold,
                  | have 33).
  1354 | D:2      | 1354 ||| SHOPLISTING kite shield (94 gold, have 33).
  1354 | D:2      | 1354 ||| SHOPLISTING shiny plate armour (546 gold, have
                  | 33).
  1391 | D:2      | Found an ancient bone altar of Kikubaaqudgha.
  1494 | D:2      | Noticed Terence
  1501 | D:2      | Killed Terence
  1502 | D:2      | Reached XP level 4. HP: 19/28 MP: 4/4
  1584 | D:2      | Found Segea's Weapon Boutique.
  1788 | D:2      | 1788 ||| UPGRADING to +0 chain mail.
  1798 | D:2      | 1798 ||| DROPPING +0 scale mail.
  1799 | D:2      | 1799 ||| READING scroll labelled PAKHLE AKIUT.
  1800 | D:2      | 1800 ||| READING 2 scrolls labelled POFOYDO JIEZEN.
  1877 | D:3      | 1877 ||| Stepping ~*~*~tactically~*~*~ (stealth).
  1887 | D:3      | 1887 ||| Stepping ~*~*~tactically~*~*~ (stealth).
  1888 | D:3      | 1888 ||| Stepping ~*~*~tactically~*~*~ (stealth).
  1995 | D:3      | Found a glowing silver altar of Zin.
  1998 | D:3      | Found a hide-covered altar of Uskayaw.
  2011 | D:3      | 2011 ||| UPGRADING to +0 kite shield.
  2021 | D:3      | 2021 ||| DROPPING +0 buckler.
  2096 | D:3      | Found a runed translucent door.
  2097 | D:3      | Noticed qw's ghost (weakling GrFi)
  2143 | D:3      | Reached XP level 5. HP: 23/32 MP: 5/5
  2467 | D:3      | 2467 ||| READING scroll labelled ERIGUU GACUB.
  2468 | D:3      | 2468 ||| READING scroll labelled USUAKU IDAURON.
  2519 | D:3      | 2519 ||| DRINKING 2 bubbling pink potions.
  2520 | D:3      | 2520 ||| READING 2 scrolls of identify.
  2520 | D:3      | 2520 ||| IDENTIFYING black potion
  2521 | D:3      | 2521 ||| DROPPING potion of ambrosia.
  2562 | D:4      | Noticed a lemure
  2576 | D:4      | Killed a lemure
  2588 | D:4      | Found a blossoming altar of Fedhas.
  2590 | D:4      | Noticed Pikel
  2590 | D:4      | Noticed a lemure
  2590 | D:4      | Noticed a lemure
  2590 | D:4      | Noticed a lemure
  2601 | D:4      | Killed Pikel
  2602 | D:4      | Reached skill level 7 in Shields
  2602 | D:4      | Reached XP level 6. HP: 25/37 MP: 6/6
  2602 | D:4      | Reached XP level 7. HP: 27/41 MP: 7/7
  2656 | D:4      | 2656 ||| DROPPING +0 whip.
  2702 | D:4      | 2702 ||| Stepping ~*~*~tactically~*~*~ (stealth).
  2708 | D:4      | 2708 ||| Stepping ~*~*~tactically~*~*~ (stealth).
  2729 | D:4      | 2729 ||| DROPPING +0 whip of freezing.
  2746 | D:4      | Noticed Dowan
  2747 | D:4      | 2747 ||| Stepping ~*~*~tactically~*~*~ (hiding).
  2748 | D:4      | 2748 ||| Stepping ~*~*~tactically~*~*~ (hiding).
  2754 | D:4      | 2754 ||| Stepping ~*~*~tactically~*~*~ (hiding).
  2757 | D:4      | 2757 ||| Stepping ~*~*~tactically~*~*~ (hiding).
  2758 | D:4      | 2758 ||| Stepping ~*~*~tactically~*~*~ (hiding).
  2760 | D:4      | 2760 ||| Stepping ~*~*~tactically~*~*~ (hiding).
  2766 | D:4      | Killed Dowan
  2799 | D:4      | Noticed Duvessa
  2800 | D:4      | 2800 ||| Stepping ~*~*~tactically~*~*~ (stealth).
  2807 | D:4      | HP: 3/41 [Duvessa/+0 short sword (15)]
  2808 | D:4      | Demolished by Duvessa

Levels and vault maps discovered:
D:1:      minmay_arrival_four_houses, layout_loops_ring, serial_bayou_lake_a
D:2:      layout_loops_ring, serial_shops, nicolae_shop_peninsula, shop,
          nicolae_shop_dealshenge, basic_altar,
          hellmonk_ecumenical_altar_run_dry, uniq_terence
D:3:      layout_rooms, nicolae_overflow_squiral, gammafunk_ghost_grave
D:4:      layout_basic, fedhas_ov_isle_minmay, uniq_pikel, uniq_duvessa

Skill      XL: |  1  2  3  4  5 |
---------------+----------------+-----
Axes           | 2 3 4 |  4.6
Shields        | 7 |  7.7
Fighting       | |  3.2
Armour         | |  3.2

Action                     |  1- 3 |  4- 6 |  7- 9 || total
---------------------------+-------+-------+-------++-------
  Melee: War axe           |   100 |    59 |    23 ||   182
    Use: Scroll            |     3 |     5 |       ||     8
         Potion            |       |     1 |       ||     1
 Armour: Scale mail        |    57 |     7 |       ||    64
         Chain mail        |       |    20 |     7 ||    27
  Dodge: Dodged            |    48 |    18 |     6 ||    72
  Block: Buckler           |    27 |     2 |       ||    29
         Kite shield       |       |    20 |    12 ||    32

Table legend:
 A = Non-vault XP
 B = Vault XP
 C = Vault XP percentage of total XP
 D = Non-vault monster count
 E = Vault monster count
 F = Vault count percentage of total count
                 A         B        C        D         E       F
            +---------+---------+-------+---------+---------+-------
      Total |     161 |     768 |  82.7 |      47 |       3 |   6.0
            +---------+---------+-------+---------+---------+-------
        D:1 |      29 |       0 |   0.0 |      16 |       0 |   0.0
        D:2 |      25 |      36 |  59.0 |      16 |       1 |   5.9
        D:3 |      94 |       0 |   0.0 |      10 |       0 |   0.0
        D:4 |      13 |     732 |  98.3 |       5 |       2 |  28.6
            +---------+---------+-------+---------+---------+-------
